 Dungeon Crawl Stone Soup version 0.28-a0-697-g47f3eba078 (webtiles) character file.

Game seed: 6426419666751034525

11405 Gargoyl the Fighter (level 11, -1/89 HPs)
             Began as a Gnoll Abyssal Knight on Oct 23, 2021.
             Was an Elder of Lugonu.
             Slain by a boulder beetle (21 damage)
             ... on level 11 of the Dungeon.
             The game lasted 00:15:46 (9529 turns).

Gargoyl the Fighter (Gnoll Abyssal Knight)          Turns: 9529, Time: 00:15:46

Health: -1/89      AC: 23    Str: 16    XL:     11   Next: 77%
Magic:  20/20      EV:  7    Int:  9    God:    Lugonu [****..]
Gold:   652        SH:  6    Dex: 15    Spells: 23/23 levels left

rFire   . . .      SeeInvis +   t - +5 scimitar
rCold   + . .      Faith    .   f - +0 buckler
rNeg    . . .      Spirit   .   w - +0 plate armour
rPois   +          Reflect  .   c - +1 hat
rElec   .          Harm     .   B - +1 cloak {Will+}
rCorr   .          Rampage  .   d - +2 pair of gloves
Will    +....      NoCast   +   u - +0 pair of boots of Refuge {-Cast rPois rC+ Dex+2}
Stlth   ..........              i - amulet of regeneration
HPRegen 1.24/turn               h - ring of see invisible
MPRegen 0.17/turn               (no ring)

@: no status effects
A: fangs 1, strong nose, distributed training, iridescent scales 1, mutation
resistance 1
a: Renounce Religion, Depart the Abyss, Bend Space, Banish, Corrupt


You were on level 11 of the Dungeon.
You worshipped Lugonu.
Lugonu was greatly pleased with you.
You visited 1 branch of the dungeon, and saw 11 of its levels.
You visited the Abyss 1 time.

You collected 652 gold pieces.

Inventory:

Hand Weapons
 a - a +2 hand axe
 t - a +5 scimitar (weapon)
 x - the +5 falchion "Orb Guardian's Foe" {flame, *Noise rN+ rCorr}
   (You found it on level 10 of the Dungeon)

   It burns those it strikes, dealing additional fire damage.
   Big, fiery blades are also staple armaments of hydra-hunters.
   rN:        It protects you from negative energy.
   *Noise:    It may make noises in combat.
   rCorr:     It protects you from acid and corrosion.
Missiles
 n - 73 poisoned darts
 y - a throwing net
 A - 4 curare-tipped darts (quivered)
Armour
 c - a +1 hat (worn)
 d - a +2 pair of gloves (worn)
 f - a +0 buckler (worn)
 u - the +0 pair of boots of Refuge (worn) {-Cast rPois rC+ Dex+2}
   (You acquired it on level 7 of the Dungeon)

   Dex:       It affects your dexterity (+2).
   rC:        It protects you from cold.
   rPois:     It protects you from poison.
   -Cast:     It prevents spellcasting.
 w - a +0 plate armour (worn)
 B - a +1 cloak of willpower (worn)
Jewellery
 h - a ring of see invisible (left hand)
 i - an amulet of regeneration (around neck)
Wands
 e - a wand of digging (1)
 g - a wand of mindburst (25)
 j - a wand of paralysis (13)
 q - a wand of polymorph (19)
 v - a wand of acid (5)
Scrolls
 l - 5 scrolls of teleportation
 o - 4 scrolls of identify
 p - 2 scrolls of blinking
 C - a scroll of enchant armour
Potions
 b - 2 potions of resistance
 k - a potion of curing
 m - 3 potions of brilliance
 r - 2 potions of flight
 s - 2 potions of mutation
 z - 2 potions of invisibility


   Skills:
 + Level 9.4 Fighting
 + Level 6.6 Short Blades
 + Level 6.6 Long Blades
 + Level 8.1 Axes
 + Level 6.6 Maces & Flails
 + Level 6.6 Polearms
 + Level 6.6 Staves
 + Level 6.6 Slings
 + Level 6.6 Bows
 + Level 6.6 Crossbows
 + Level 6.6 Throwing
 + Level 8.1 Armour
 + Level 7.1 Dodging
 + Level 6.6 Stealth
 + Level 6.6 Shields
 + Level 6.6 Unarmed Combat
 + Level 6.6 Spellcasting
 + Level 5.4 Conjurations
 + Level 5.4 Hexes
 + Level 5.4 Summonings
 + Level 5.4 Necromancy
 + Level 5.4 Translocations
 + Level 5.4 Transmutations
 + Level 5.4 Fire Magic
 + Level 5.4 Ice Magic
 + Level 5.4 Air Magic
 + Level 5.4 Earth Magic
 + Level 5.4 Poison Magic
 + Level 8.6 Invocations
 + Level 6.6 Evocations


You had 23 spell levels left.
You didn't know any spells.
Your spell library contained the following spells:

 Spells                   Type           Power      Damage    Failure   Level
 Blink                    Tloc           N/A        N/A       77%         2
 Passwall                 Tmut/Erth      10%        N/A       77%         2
 Poisonous Vapours        Pois/Air       24%        N/A       77%         2
 Ignite Poison            Fire/Tmut/Pois 12%        N/A       94%         3
 Lesser Beckoning         Tloc           12%        N/A       94%         3
 Ozocubu's Armour         Ice            12%        N/A       94%         3
 Spider Form              Tmut/Pois      6%         N/A       94%         3
 Stone Arrow              Conj/Erth      24%        3d8       94%         3
 Swiftness                Air            12%        N/A       94%         3
 Animate Armour           Summ/Erth      24%        N/A       100%        4
 Cause Fear               Hex            6%         N/A       100%        4
 Manifold Assault         Tloc           12%        N/A       100%        5
 Metabolic Englaciation   Hex/Ice        6%         N/A       100%        5
 Summon Forest            Summ/Tloc      6%         N/A       100%        5
 Summon Mana Viper        Hex/Summ       12%        N/A       100%        5
 Invisibility             Hex            6%         N/A       100%        6
 Simulacrum               Ice/Necr       6%         N/A       100%        6
 Summon Cactus Giant      Summ           6%         N/A       100%        6
 Dragon Form              Tmut           6%         N/A       100%        7
 Lehudib's Crystal Spear  Conj/Erth      6%         10d3      100%        8
 Dragon's Call            Summ           6%         N/A       100%        9


Dungeon Overview and Level Annotations

Branches:
Dungeon (11/15)            Temple (0/1) D:4            Lair (0/6) D:9
    Orc: D:9-12

Altars:
Cheibriados
Dithmenos
Fedhas
Gozag
Makhleb
Okawaru
Qazlal
Ru
Wu Jian
Yredelemnul

Annotations:
D:5 exclusion: oklob plant
Abyss:1 Fannar, Urug


Innate Abilities, Weirdness & Mutations

You have very sharp teeth.
Your uncanny sense of smell can sniff out nearby items.
Your experience applies equally to all skills.
You are partially covered in iridescent scales. (AC +2)
You are somewhat resistant to further mutation.


Message History

The boulder beetle barely misses you.
You hit the boulder beetle.
You bite the boulder beetle, but do no damage.
The boulder beetle is lightly wounded.
The boulder beetle bites you!
You hit the boulder beetle.
The boulder beetle is lightly wounded.
You block the boulder beetle's attack.
You hit the boulder beetle.
The boulder beetle is lightly wounded.
The boulder beetle bites you!
You hit the boulder beetle but do no damage.
You bite the boulder beetle, but do no damage.
The boulder beetle is lightly wounded.
The boulder beetle bites you but does no damage.
You hit the boulder beetle but do no damage.
The boulder beetle is lightly wounded.
The boulder beetle bites you but does no damage.
You slash the boulder beetle!
The boulder beetle is moderately wounded.
The boulder beetle bites you!
You slash the boulder beetle!
The boulder beetle is heavily wounded.
The boulder beetle closely misses you.
Your plate armour prevents you from hitting the boulder beetle.
The boulder beetle is heavily wounded.
The boulder beetle bites you!!
You slash the boulder beetle!
You bite the boulder beetle, but do no damage.
The boulder beetle is severely wounded.
The boulder beetle bites you.
* * * LOW HITPOINT WARNING * * *
You hit the boulder beetle but do no damage.
The boulder beetle is severely wounded.
The boulder beetle bites you!
* * * LOW HITPOINT WARNING * * *
You hit the boulder beetle but do no damage.
The boulder beetle is severely wounded.
The boulder beetle bites you!!
You die...

#.......#.#........#
#.......#.'........#
#.......###........#
#.......# #........#
##.###### ######'###
#.# #.# #.## #(#
#).# #.## ##@# #..#
#B# ##.# #o# #.#
#oKo...# #.#
#.<....# #.##
#......# #..#
#......# ##.#
#......# ####.#
#......# #.....


You could see a boulder beetle, a kobold brigand, 2 orc wizards and an orc.

Vanquished Creatures
  Harold (D:9)
  2 two-headed ogres
  Sonja (D:10)
  Maurice (D:11)
  2 trolls (D:9)
  Prince Ribbit (D:8)
  2 shadows
  3 wyverns
  8 yaks
  2 basilisks (D:9)
  4 water moccasins
  6 orc warriors
  A sky beast (D:6)
  A black bear (D:8)
  An ice beast (D:7)
  5 ogres
  A necrophage (D:6)
  A centaur (D:8)
  4 kobold brigands
  4 bullfrogs
  4 scorpions
  2 wyvern skeletons (D:7)
  4 killer bees (D:10)
  5 wights
  2 electric eels (D:6)
  A howler monkey (D:6)
  4 centaur zombies
  A bullfrog zombie (D:5)
  2 hounds
  3 orc priests
  3 centaur skeletons
  A jelly (D:6)
  3 bullfrog skeletons
  Ijyb (D:3)
  An iguana (D:6)
  10 orc wizards
  A killer bee zombie (D:8)
  2 human simulacra (D:10)
  A mummy (D:8)
  2 howler monkey zombies (D:8)
  5 adders
  A white imp (D:7)
  An ufetubus (D:7)
  An adder skeleton (D:5)
  A worm (D:3)
  3 dart slugs
  26 orcs
  8 ball pythons
  8 endoplasms
  A giant cockroach (D:3)
  11 goblins
  8 hobgoblins
  6 jackals
  5 quokkas
  4 bats
  22 kobolds
  6 rats
221 creatures vanquished.

Vanquished Creatures (others)
  A bush (D:9)
  49 plants
50 creatures vanquished.

Grand Total: 271 creatures vanquished

Notes
Turn   | Place    | Note
-------+----------+-------------------------------------------
     0 | Abyss:1  | Gargoyl the Gnoll Abyssal Knight began the quest for the
                  | Orb.
     0 | Abyss:1  | Reached XP level 1. HP: 23/23 MP: 3/3
    47 | Abyss:1  | Noticed a large abomination
    57 | Abyss:2  | Found a blossoming altar of Fedhas.
    87 | Abyss:2  | Noticed a freezing wraith
    95 | Abyss:2  | Noticed a flying skull
    96 | Abyss:2  | Noticed a flying skull
    97 | D:1      | Escaped the Abyss
   117 | D:1      | Found a faded altar of an unknown god.
   195 | D:1      | Reached * piety under Lugonu
   240 | D:1      | Reached XP level 2. HP: 29/29 MP: 5/5
   341 | D:1      | Reached XP level 3. HP: 33/35 MP: 6/6
   694 | D:2      | Reached ** piety under Lugonu
   718 | D:2      | Reached skill level 1 in Short Blades
   718 | D:2      | Reached skill level 1 in Long Blades
   718 | D:2      | Reached skill level 1 in Maces & Flails
   718 | D:2      | Reached skill level 1 in Polearms
   718 | D:2      | Reached skill level 1 in Staves
   718 | D:2      | Reached skill level 1 in Slings
   718 | D:2      | Reached skill level 1 in Bows
   718 | D:2      | Reached skill level 1 in Crossbows
   718 | D:2      | Reached skill level 1 in Throwing
   718 | D:2      | Reached skill level 1 in Stealth
   718 | D:2      | Reached skill level 1 in Shields
   718 | D:2      | Reached skill level 1 in Unarmed Combat
   718 | D:2      | Reached skill level 1 in Spellcasting
   718 | D:2      | Reached skill level 1 in Evocations
  1205 | D:3      | Noticed Ijyb
  1255 | D:3      | Killed Ijyb
  1256 | D:3      | Reached XP level 4. HP: 39/41 MP: 7/7
  1304 | D:3      | Reached skill level 1 in Conjurations
  1304 | D:3      | Reached skill level 1 in Hexes
  1304 | D:3      | Reached skill level 1 in Summonings
  1304 | D:3      | Reached skill level 1 in Necromancy
  1304 | D:3      | Reached skill level 1 in Translocations
  1304 | D:3      | Reached skill level 1 in Transmutations
  1304 | D:3      | Reached skill level 1 in Fire Magic
  1304 | D:3      | Reached skill level 1 in Ice Magic
  1304 | D:3      | Reached skill level 1 in Air Magic
  1304 | D:3      | Reached skill level 1 in Earth Magic
  1304 | D:3      | Reached skill level 1 in Poison Magic
  1432 | D:3      | Reached XP level 5. HP: 47/47 MP: 8/8
  1832 | D:3      | Found a stormy altar of Qazlal.
  2004 | D:3      | Reached skill level 5 in Invocations
  2004 | D:3      | Reached XP level 6. HP: 50/53 MP: 9/9
  2161 | D:4      | Reached skill level 5 in Axes
  2161 | D:4      | Reached skill level 5 in Armour
  2386 | D:4      | Reached *** piety under Lugonu
  2535 | D:4      | Found a staircase to the Ecumenical Temple.
  2938 | D:5      | Entered Level 5 of the Dungeon
  2998 | D:5      | Found a basalt altar of Yredelemnul.
  3048 | D:4      | Reached XP level 7. HP: 48/59 MP: 10/10
  3084 | D:5      | Reached skill level 7 in Fighting
  3179 | D:5      | Gained mutation: You are partially covered in iridescent
                  | scales. (AC +2) [potion of mutation]
  3179 | D:5      | Gained mutation: You are somewhat resistant to further
                  | mutation. [potion of mutation]
  3194 | D:5      | Found Anit's Antique Armour Shoppe.
  3327 | D:5      | Found a blossoming altar of Fedhas.
  3345 | D:5      | Noticed an oklob plant
  3724 | D:6      | Found a sacrificial altar of Ru.
  3831 | D:6      | Found a shadowy altar of Dithmenos.
  3875 | D:6      | Reached XP level 8. HP: 67/67 MP: 12/12
  4428 | D:6      | Found an iron altar of Okawaru.
  5149 | D:7      | Reached XP level 9. HP: 56/72 MP: 14/14
  5201 | D:7      | Noticed a two-headed ogre
  5274 | D:8      | Found a snail-covered altar of Cheibriados.
  5611 | D:7      | Reached skill level 5 in Dodging
  5703 | D:7      | Reached skill level 8 in Fighting
  5766 | D:7      | Identified a scroll of acquirement
  5766 | D:7      | Acquired the +0 pair of boots of Refuge {-Cast rPois rC+
                  | Dex+2}
  5955 | D:7      | Found an ornate altar of the Wu Jian Council.
  6206 | D:7      | Reached **** piety under Lugonu
  6350 | D:8      | Noticed Prince Ribbit
  6370 | D:8      | Reached XP level 10. HP: 57/80 MP: 17/17
  6376 | D:8      | Killed Prince Ribbit
  6533 | D:8      | Found an opulent altar of Gozag.
  6766 | D:9      | Reached skill level 5 in Short Blades
  6766 | D:9      | Reached skill level 5 in Long Blades
  6766 | D:9      | Reached skill level 5 in Maces & Flails
  6766 | D:9      | Reached skill level 5 in Polearms
  6766 | D:9      | Reached skill level 5 in Staves
  6766 | D:9      | Reached skill level 5 in Slings
  6766 | D:9      | Reached skill level 5 in Bows
  6766 | D:9      | Reached skill level 5 in Crossbows
  6766 | D:9      | Reached skill level 5 in Throwing
  6766 | D:9      | Reached skill level 5 in Stealth
  6766 | D:9      | Reached skill level 5 in Shields
  6766 | D:9      | Reached skill level 5 in Unarmed Combat
  6766 | D:9      | Reached skill level 5 in Spellcasting
  6766 | D:9      | Reached skill level 5 in Evocations
  7077 | D:9      | Found a staircase to the Lair.
  7260 | D:9      | Found a burning altar of Makhleb.
  7283 | D:9      | Got the Disquisition on Congealing Venom
  7380 | D:9      | Noticed a two-headed ogre
  7387 | D:9      | Killed a two-headed ogre
  7395 | D:9      | Reached XP level 11. HP: 32/87 MP: 19/19
  7717 | D:10     | Entered Level 10 of the Dungeon
  7725 | D:10     | Identified the +5 falchion "Orb Guardian's Foe" {flame,
                  | *Noise rN+ rCorr}
  7756 | D:10     | Reached skill level 9 in Fighting
  7947 | D:10     | Noticed Harold
  7980 | D:9      | Killed Harold
  7981 | D:9      | Reached skill level 5 in Conjurations
  7981 | D:9      | Reached skill level 5 in Hexes
  7981 | D:9      | Reached skill level 5 in Summonings
  7981 | D:9      | Reached skill level 5 in Necromancy
  7981 | D:9      | Reached skill level 5 in Translocations
  7981 | D:9      | Reached skill level 5 in Transmutations
  7981 | D:9      | Reached skill level 5 in Fire Magic
  7981 | D:9      | Reached skill level 5 in Ice Magic
  7981 | D:9      | Reached skill level 5 in Air Magic
  7981 | D:9      | Reached skill level 5 in Earth Magic
  7981 | D:9      | Reached skill level 5 in Poison Magic
  8428 | D:10     | Noticed Fannar
  8446 | D:9      | Banished Fannar
  8548 | D:10     | Noticed Sonja
  8555 | D:10     | Killed Sonja
  8995 | D:11     | Noticed Maurice
  9013 | D:11     | Killed Maurice
  9047 | D:11     | Noticed Urug
  9068 | D:11     | HP: 2/89 [Urug (14)]
  9070 | D:11     | Banished Urug
  9254 | D:11     | Noticed a two-headed ogre
  9263 | D:11     | Killed a two-headed ogre
  9493 | D:11     | Noticed a boulder beetle
  9529 | D:11     | Slain by a boulder beetle

Illustrated notes

Levels and vault maps discovered:
D:1:      ncdulo_lavacross, layout_rooms, dreamdust_ecumenical_altar_statues,
          minmay_cupped
D:2:      layout_basic, minmay_tromino_v2
D:3:      layout_basic, mainiacjoe_overflow_alcove_2, kennysheep_generic_room_2,
          uniq_ijyb
D:4:      layout_cave_pods, minmay_temple_entry_antechambers,
          serial_park_tiny_2, kennysheep_path_1
D:5:      layout_rooms, tgw_fedhas, overflow_temple_1_default, serial_shops,
          shop
D:6:      layout_basic, mainiacjoe_overflow_24_doors,
          nicolae_dithmenos_the_darkroom, kennysheep_okawaru_gauntlet,
          serial_bayou, serial_bayou_lagoon_a, serial_bayou_lagoon_b,
          serial_bayou_ford_a, serial_bayou_pond_b, serial_bayou_lake_a
D:7:      layout_basic, nicolae_wu_jian_immortal_techniques, nzn_random_ring
D:8:      layout_loops_ring, slow_altar_1, mainiacjoe_overflow_boulevard,
          uniq_prince_ribbit1
D:9:      layout_basic, mainiacjoe_overflow_brackets, minmay_lair_entry_grove
D:10:     layout_cave_pools, serial_co_window_serial,
          co_window_of_opportunity_a, co_window_paths_b, co_window_paths_a,
          co_window_corner_a, co_window_of_opportunity_a, co_window_broadway_b,
          co_window_unsneaky_path_d, co_window_corner_ca, co_window_broadway_c,
          co_window_broadway_a, bh_circular_ruins, uniq_sonja, uniq_fannar,
          uniq_harold
D:11:     layout_roguey, uniq_urug, uniq_maurice

Skill      XL: |  1  2  3  4  5  6  7  8  9 10 11 |
---------------+----------------------------------+-----
Short Blades   | 1 2 3 4 5 6 |  6.6
Long Blades    | 1 2 3 4 5 6 |  6.6
Maces & Flails | 1 2 3 4 5 6 |  6.6
Polearms       | 1 2 3 4 5 6 |  6.6
Staves         | 1 2 3 4 5 6 |  6.6
Slings         | 1 2 3 4 5 6 |  6.6
Bows           | 1 2 3 4 5 6 |  6.6
Crossbows      | 1 2 3 4 5 6 |  6.6
Throwing       | 1 2 3 4 5 6 |  6.6
Stealth        | 1 2 3 4 5 6 |  6.6
Shields        | 1 2 3 4 5 6 |  6.6
Unarmed Combat | 1 2 3 4 5 6 |  6.6
Spellcasting   | 1 2 3 4 5 6 |  6.6
Evocations     | 1 2 3 4 5 6 |  6.6
Conjurations   | 1 2 3 4 5 |  5.4
Hexes          | 1 2 3 4 5 |  5.4
Summonings     | 1 2 3 4 5 |  5.4
Necromancy     | 1 2 3 4 5 |  5.4
Translocations | 1 2 3 4 5 |  5.4
Transmutations | 1 2 3 4 5 |  5.4
Fire Magic     | 1 2 3 4 5 |  5.4
Ice Magic      | 1 2 3 4 5 |  5.4
Air Magic      | 1 2 3 4 5 |  5.4
Earth Magic    | 1 2 3 4 5 |  5.4
Poison Magic   | 1 2 3 4 5 |  5.4
Dodging        | 3 4 5 6 7 |  7.1
Invocations    | 5 6 7 8 |  8.6
Axes           | 5 6 7 8 |  8.1
Armour         | 5 6 7 8 |  8.1
Fighting       | 7 8 9 |  9.4

Action                   |  1- 3 |  4- 6 |  7- 9 | 10-12 || total
-------------------------+-------+-------+-------+-------++-------
Melee: Hand axe          |   117 |   142 |   274 |       ||   533
       Bite              |     6 |    12 |    54 |    40 ||   112
       Scimitar          |       |       |    92 |   425 ||   517
Throw: Dart              |     3 |    10 |    27 |    13 ||    53
Invok: Depart the Abyss  |     1 |       |       |       ||     1
       Banish            |       |       |     3 |     2 ||     5
  Use: Scroll            |     8 |     4 |     5 |     2 ||    19
       Potion            |     2 |       |     1 |     2 ||     5
 Stab: Sleeping          |       |       |     1 |       ||     1
Armor: Ring mail         |    58 |    82 |   144 |       ||   284
       Plate armour      |       |       |    24 |   273 ||   297
Dodge: Dodged            |    72 |   112 |   216 |   122 ||   522
Block: Buckler           |    32 |    34 |    97 |   112 ||   275

Table legend: (Time is in decaauts)
 A = Elapsed time spent in this place.
 B = Non-inter-level travel time spent in this place.
 C = Inter-level travel time spent in this place.
 D = Time resting spent in this place.
 E = Time spent auto-exploring this place.
 F = Levels seen in this place.
 G = Mean time per level.
                   A        B        C        D        E       F      G
               +--------+--------+--------+--------+--------+-----+--------+
         Total |   9760 |   9384 |    376 |    575 |   6072 |  13 |  750.8 |
       Dungeon |   9663 |   9287 |    376 |    575 |   6022 |  11 |  878.5 |
         Abyss |     96 |     96 |      0 |      0 |     50 |   2 |   48.0 |
               +--------+--------+--------+--------+--------+-----+--------+

Top non-repeatable levels by time:
     D:6: 1456 daAuts
     D:9: 1246 daAuts
    D:10: 1059 daAuts
     D:3: 928 daAuts
     D:7: 924 daAuts
     D:4: 899 daAuts
     D:8: 837 daAuts
     D:2: 677 daAuts
     D:5: 672 daAuts
    D:11: 537 daAuts
     D:1: 424 daAuts
 Abyss:1: 51 daAuts
 Abyss:2: 45 daAuts
